 Dungeon Crawl Stone Soup version 0.30-a0-1066-g63dfefce0d (webtiles) character file.

Game seed: 18004942543577371263

226 NinjaNoafa the Conjurer (level 5, -1/38 HPs)
             Began as a Draconian Conjurer on Apr 12, 2023.
             Slain by a scorpion (7 damage)
             ... on level 6 of the Dungeon.
             The game lasted 00:05:26 (2175 turns).

NinjaNoafa the Conjurer (Draconian Conjurer)        Turns: 2175, Time: 00:05:27

Health: -1/38      AC:  5    Str:  9    XL:     5   Next: 69%
Magic:  2/12       EV: 12    Int: 21    God:
Gold:   65         SH:  0    Dex:  9    Spells: 10/13 levels left

rFire   . . .      SeeInvis .    r - +2 dagger (venom)
rCold   . . .      Faith    .    (no shield)
rNeg    . . .      Spirit   .    (body armour unavailable)
rPois   .          Reflect  .    (helmet restricted)
rElec   .          Rampage  .    (no cloak)
rCorr   .                        (no gloves)
Will    .....                    (no boots)
Stlth   ++                       (no amulet)
HPRegen 0.26/turn                (no ring)
MPRegen 0.13/turn                (no ring)

@: brilliant
A: AC +5, unfitting armour, cold-blooded
a: no special abilities


You were on level 6 of the Dungeon.
You visited 1 branch of the dungeon, and saw 5 of its levels.

You collected 65 gold pieces.

Inventory:

Hand Weapons
 r - a +2 dagger of venom (weapon)
Missiles
 p - 4 poisoned darts
Jewellery
 q - a ring of ice
Scrolls
 b - a scroll of amnesia {unknown}
 e - 2 scrolls of torment {unknown}
 f - 2 scrolls of enchant armour {unknown}
 h - a scroll of silence {unknown}
 i - a scroll of acquirement {unknown}
 j - a scroll of enchant weapon {unknown}
 k - a scroll of vulnerability {unknown}
 l - a scroll of teleportation {unknown}
 m - 2 scrolls of immolation {unknown}
 o - 3 scrolls of identify {unknown}
 s - a scroll of noise {unknown}
Potions
 c - a potion of lignification {unknown}
 d - a potion of heal wounds {unknown}
 g - a potion of flight {unknown}
 n - a potion of mutation {unknown}
 t - a potion of ambrosia {unknown}


   Skills:
 - Level 1.7 Dodging
 - Level 1.7 Stealth
 + Level 4.9 Spellcasting
 - Level 5.0 Conjurations


You had 10 spell levels left.
You knew the following spells:

 Your Spells              Type           Power      Damage    Failure   Level
a - Magic Dart            Conj           100%       1d8       1%          1
b - Searing Ray           Conj           78%        2d7       2%          2

Your spell library contained the following spells:

 Spells                   Type           Power      Damage    Failure   Level
 Dazzling Flash           Conj/Hex       46%        N/A       12%         3
 Fulminant Prism          Conj/Hex       11%        3d8       36%         4
 Iskenderun's Mystic Bla  Conj/Tloc      23%        2d6       36%         4


Dungeon Overview and Level Annotations

Branches:
Dungeon (4/15)
 Temple: D:4-7

Altars:
Dithmenos


Innate Abilities, Weirdness & Mutations

Your plain brown scales are hard. (AC +5)
You cannot fit into any form of body armour.
You are cold-blooded and may be slowed by cold attacks.


Message History

Confirm with . or Enter, or press ? or * to list all spells.
Aiming: Searing Ray (safe; 2% risk of failure)
Press: ? - help, Shift-Dir - straight line, f - scorpion, p - steam dragon
Aim: a scorpion (79% to hit)
The searing ray hits the steam dragon.
The steam dragon is almost dead.
The searing ray misses the scorpion. (Press . to maintain the ray.)
The steam dragon misses you. The steam dragon claws you.
Okay, then.
The scorpion attacks as you move away! The scorpion barely misses you.
Unknown command.
The scorpion attacks as you move away! The scorpion stings you.
You are poisoned.
The scorpion poisons you!
You feel very sick. The scorpion misses you.
You open the door.
You feel very sick. The scorpion stings you.
* * * LOW HITPOINT WARNING * * *
The steam dragon bites you.
* * * LOW HITPOINT WARNING * * *
The steam dragon claws you.
* * * LOW HITPOINT WARNING * * *
Unknown command.
It was a potion of curing.
You feel better. The scorpion stings you.
* * * LOW HITPOINT WARNING * * *
The steam dragon barely misses you. The steam dragon claws you.
* * * LOW HITPOINT WARNING * * *
Unknown command.
The steam dragon attacks as you move away!
The steam dragon bites you!
* * * LOW HITPOINT WARNING * * *
The steam dragon barely misses you.
There is an open door here.
Unknown command.
You feel clever all of a sudden. The scorpion stings you!
You die...

. #...##########............#
.. #....#......##.....####..##
...##....#......##.....#######
.........#................#
..##...##.####+##........#
...##...##.##...##........#
............#....+........#
............#....#........#
............#.@..#........#
########'#####s##########.#
.............D...........#
.........................#
.........................#
.........$...............#
.........................#
$........................#
................##########


You could see a steam dragon and a scorpion.

Vanquished Creatures
  Jessica (D:3)
  Natasha (thrice) (D:3)
  4 adders
  2 worms (D:3)
  3 dart slugs
  2 orcs (D:3)
  4 bats
  4 endoplasms
  4 giant cockroaches
  7 goblins
  6 hobgoblins
  9 jackals
  6 kobolds
  3 quokkas
  5 ball pythons
  4 frilled lizards
  6 rats
73 creatures vanquished.

Notes
Turn   | Place    | Note
-------+----------+-------------------------------------------
     0 | D:1      | NinjaNoafa the Draconian Conjurer began the quest for the
                  | Orb.
     0 | D:1      | Reached XP level 1. HP: 14/14 MP: 3/3
   135 | D:1      | Reached XP level 2. HP: 9/20 MP: 0/5
   151 | D:1      | Learned a level 2 spell: Searing Ray
   681 | D:1      | Reached XP level 3. HP: 26/26 MP: 3/6
  1119 | D:2      | Reached skill level 5 in Conjurations
  1329 | D:3      | Reached XP level 4. HP: 33/33 MP: 0/8
  1650 | D:3      | Noticed Jessica
  1655 | D:3      | Killed Jessica
  1772 | D:3      | Reached XP level 5. HP: 38/38 MP: 6/11
  1863 | D:3      | Noticed Natasha
  1867 | D:3      | Killed Natasha
  1886 | D:3      | Found a shadowy altar of Dithmenos.
  1886 | D:3      | Noticed Natasha
  1889 | D:3      | Killed Natasha
  2022 | D:3      | Noticed Natasha
  2027 | D:3      | Killed Natasha
  2080 | D:4      | You fall into a shaft and drop 2 floors!
  2106 | D:6      | Noticed a steam dragon
  2175 | D:6      | Slain by a scorpion

Illustrated notes

Levels and vault maps discovered:
D:1:      dpeg_arrival_tiny_a, layout_basic
D:2:      layout_rooms
D:3:      layout_rooms, mainiacjoe_overflow_24_doors, minmay_increasing_density,
          uniq_natasha, uniq_jessica
D:4:      layout_gridville, uniq_sigmund
D:6:      layout_gridville, nicolae_elyvilon_temple_path

Skill      XL: |  1  2  3  4 |
---------------+-------------+-----
Conjurations   | 5 |  5.0
Spellcasting   | 3 4 |  4.9
Dodging        | |  1.7
Stealth        | |  1.7

Action                     |  1- 3 |  4- 6 || total
---------------------------+-------+-------++-------
  Melee: Spear             |    19 |       ||    19
         Unarmed           |     2 |       ||     2
         Short sword       |     6 |     7 ||    13
         Tailslap          |     1 |     2 ||     3
         Dagger            |       |    19 ||    19
   Cast: Magic Dart        |    64 |    22 ||    86
         Searing Ray       |     3 |    14 ||    17
    Use: Potion            |     2 |     2 ||     4
 Armour: Skin              |    48 |    15 ||    63
  Dodge: Dodged            |    66 |    37 ||   103

Table legend: (Time is in decaauts)
 A = Elapsed time spent in this place.
 B = Non-inter-level travel time spent in this place.
 C = Inter-level travel time spent in this place.
 D = Time resting spent in this place.
 E = Time spent auto-exploring this place.
 F = Levels seen in this place.
 G = Mean time per level.
                   A        B        C        D        E       F      G
               +--------+--------+--------+--------+--------+-----+--------+
         Total |   2180 |   2028 |    152 |    151 |   1268 |   5 |  436.0 |
       Dungeon |   2180 |   2028 |    152 |    151 |   1268 |   5 |  436.0 |
               +--------+--------+--------+--------+--------+-----+--------+

Top non-repeatable levels by time:
     D:1: 879 daAuts
     D:3: 806 daAuts
     D:2: 398 daAuts
     D:6: 94 daAuts
     D:4: 0 daAuts
